 Dungeon Crawl Stone Soup version 0.23.3-3-gaaff5abdbf (webtiles) character file.

Game seed: 8365975847300155076

616 MordorOrchid the Magician (level 7, 0/45 HPs)
             Began as an Octopode Earth Elementalist on May 28, 2020.
             Was an Initiate of Gozag.
             Succumbed to a worker ant's poison
             ... on level 5 of the Dungeon.
             The game lasted 00:17:53 (4157 turns).

MordorOrchid the Magician (OpEE)                    Turns: 4157, Time: 00:17:54

Health: 0/45       AC:  1    Str:  7    XL:     7   Next: 45%
Magic:  0/14       EV: 14    Int: 20    God:    Gozag
Gold:   254        SH:  0    Dex: 12    Spells: 5/15 levels left

rFire    . . .     SeeInvis .   y - +0 dagger
rCold    . . .     Gourm    .   (no shield)
rNeg     . . .     Faith    .   (helmet restricted)
rPois    .         Spirit   .   (no amulet)
rElec    .         Reflect  .   (no ring)
rCorr    .         Harm     .   (no ring)
MR       .....                  (no ring)
Stlth    +++.......             (no ring)
HPRegen  0.15/turn              (no ring)
MPRegen  0.14/turn              (no ring)
                                (no ring)
                                (no ring)

@: lethally poisoned (0 -> -3)
A: almost no armour, stealthy swim, amphibious, 8 rings, constrict 8, camouflage
1, gelatinous body 1
a: Potion Petition, Call Merchant, Bribe Branch, Renounce Religion


You were on level 5 of the Dungeon.
You worshipped Gozag.
Gozag was aware of your devotion.
You were not hungry.

You visited 2 branches of the dungeon, and saw 6 of its levels.

You collected 308 gold pieces.
You paid 54 gold pieces to Gozag.

Inventory:

Hand Weapons
 j - a +0 hunting sling
 y - a +0 dagger (weapon)
Missiles
 b - 18 stones (quivered)
 l - 97 arrows
 p - 2 tomahawks
Armour
 d - a +0 shield of fire resistance
Jewellery
 s - an uncursed ring of fire
Wands
 n - a wand of polymorph (9)
Scrolls
 a - 3 scrolls of teleportation {unknown}
 f - 2 scrolls of random uselessness {unknown}
 g - a scroll of remove curse
 k - 2 scrolls of magic mapping {unknown}
 m - 2 scrolls of enchant armour
 o - a scroll of enchant weapon
Potions
 e - a potion of brilliance {unknown}
 h - a potion of heal wounds {unknown}
 i - a potion of agility
 q - 2 potions of lignification
 r - a potion of cancellation
Comestibles
 c - 3 rations


   Skills:
 - Level 2.0 Fighting
 * Level 3.3 Dodging
 - Level 3.0 Stealth
 * Level 4.8 Spellcasting
 * Level 1.8 Conjurations
 * Level 2.6 Transmutations
 + Level 4.5 Earth Magic


You had 5 spell levels left.
You knew the following spells:

 Your Spells              Type           Power        Failure   Level  Hunger
a - Sandblast             Erth           ###...       1%          1    None
b - Petrify               Tmut/Erth      ###.....     26%         4    ####...
f - Stone Arrow           Conj/Erth      ###...       10%         3    ##.....
w - Passwall              Tmut/Erth      ###.....     4%          2    #......

Your spell library contained the following spells:

 Spells                   Type           Power        Failure   Level  Hunger
 Lee's Rapid Deconstruct  Erth           ###.......   45%         5    ######.


Dungeon Overview and Level Annotations

Branches:
Dungeon (5/15)             Temple (1/1) D:4

Altars:
Cheibriados
Fedhas
Gozag
Hepliaklqana
Kikubaaqudgha
Nemelex Xobeh
Okawaru
Qazlal
Ru
Vehumet
Wu Jian
Xom
Zin
The Shining One
Jiyva


Innate Abilities, Weirdness & Mutations

You cannot wear most types of armour.
You are very stealthy in the water. (Stealth+)
You are amphibious.
You can wear up to eight rings at the same time.
You can use your tentacles to constrict eight enemies at once.
Your skin changes colour to match your surroundings (Stealth+).
Your rubbery body absorbs attacks. (AC +1, EV +1)


Message History

Confirm with . or Enter, or press ? or * to list all spells.
Aiming: Sandblast (safe; 1% risk of failure)
Press: ? - help, Shift-Dir - straight line, f/p - worker ant
Aim: a worker ant (moderately wounded)
The blast of sand misses the worker ant.
b - 19 stones The worker ant bites you.
* * * LOW HITPOINT WARNING * * *
You are lethally poisoned!
The worker ant poisons you!
Casting: Sandblast (safe; 1% risk of failure)
Confirm with . or Enter, or press ? or * to list all spells.
Aiming: Sandblast (safe; 1% risk of failure)
Press: ? - help, Shift-Dir - straight line, f/p - worker ant
Aim: a worker ant (moderately wounded)
The blast of sand hits the worker ant.
The worker ant is severely wounded.
b - 18 stones You die...
Your body crumbles into a pile of gold.

( #.#. ## ..
.###.#. .. .(
..##.#. .# ##.
...# #.## .## ..#
#.# ##.# #.##
#.$# ##...##
#.#a#####.#.#.###
#.
#@.............
.. #..####.#.#.##
## #..# ##...#
#..# #..##
#...#####.#######
#.#..............
#.#######.######.
#.# #.# #.# #.#


You could see a worker ant.

Vanquished Creatures
  A sky beast (D:5)
  A crimson imp (D:5)
  2 orc priests
  A hound (D:5)
  Ijyb (D:4)
  3 orc wizards
  An iguana (D:5)
  A worker ant (D:2)
  3 gnolls (D:2)
  11 adders
  5 dart slugs
  4 worms
  A leopard gecko (D:4)
  11 orcs
  5 bats
  4 giant cockroaches
  9 goblins
  5 hobgoblins
  11 jackals
  6 kobolds
  A quokka (D:2)
  A ball python (D:5)
  A ball python skeleton (D:4)
  6 frilled lizards
  7 rats
102 creatures vanquished.

Notes
Turn   | Place    | Note
-------+----------+-------------------------------------------
     0 | D:1      | MordorOrchid the Octopode Earth Elementalist began the
                  | quest for the Orb.
     0 | D:1      | Reached XP level 1. HP: 11/11 MP: 3/3
   199 | D:1      | Reached XP level 2. HP: 17/17 MP: 3/5
   487 | D:1      | Learned a level 2 spell: Passwall
   948 | D:2      | Reached XP level 3. HP: 13/22 MP: 0/6
  1336 | D:2      | Found an iron altar of Okawaru.
  1414 | D:2      | Reached skill level 1 in Fighting
  1414 | D:2      | Reached XP level 4. HP: 23/28 MP: 0/8
  1612 | D:2      | Found an ancient bone altar of Kikubaaqudgha.
  1642 | D:2      | Learned a level 3 spell: Stone Arrow
  1674 | D:2      | Reached XP level 5. HP: 29/33 MP: 4/9
  2236 | D:3      | Reached skill level 1 in Conjurations
  2236 | D:3      | Reached XP level 6. HP: 27/39 MP: 6/11
  2246 | D:3      | Learned a level 4 spell: Petrify
  2568 | D:3      | Found a sparkling altar of Nemelex Xobeh.
  3146 | D:4      | Found an opulent altar of Gozag.
  3171 | D:4      | Found a snail-covered altar of Cheibriados.
  3347 | D:4      | Found a staircase to the Ecumenical Temple.
  3385 | Temple   | Entered the Ecumenical Temple
  3628 | D:4      | Became a worshipper of Gozag Ym Sagoz the Greedy
  3701 | D:4      | Noticed Ijyb
  3742 | D:4      | Killed Ijyb
  3769 | D:5      | Entered Level 5 of the Dungeon
  3815 | D:5      | Noticed a sky beast
  3899 | D:5      | Reached XP level 7. HP: 43/45 MP: 3/13
  4156 | D:5      | HP: 1/45 [worker ant (5)]
  4157 | D:5      | Succumbed to a worker ant's poison

Skill      XL: |  1  2  3  4  5  6 |
---------------+-------------------+-----
Stealth        | 3 |  3.0
Fighting       | 1 2 |  2.0
Spellcasting   | 3 4 |  4.8
Conjurations   | 1 |  1.8
Transmutations | 2 |  2.6
Earth Magic    | 4 |  4.5
Dodging        | 3 |  3.3

Action                   |  1- 3 |  4- 6 |  7- 9 || total
-------------------------+-------+-------+-------++-------
Melee: Unarmed           |     5 |       |       ||     5
       Constrict         |     6 |    16 |     1 ||    23
       Dagger            |    23 |    46 |     1 ||    70
       Tentacles         |     3 |     9 |       ||    12
 Fire: Hunting sling     |       |    74 |     5 ||    79
 Cast: Sandblast         |    34 |    54 |    27 ||   115
       Stone Arrow       |       |    14 |     1 ||    15
  Use: Scroll            |       |     8 |       ||     8
       Potion            |       |     1 |       ||     1
 Stab: Sleeping          |     4 |     7 |       ||    11
  Eat: Chunk             |     2 |     7 |       ||     9
       Ration            |       |     1 |       ||     1
Armor: Skin              |     3 |     2 |     2 ||     7
Dodge: Dodged            |    40 |    36 |     2 ||    78
